 Dungeon Crawl Stone Soup version 0.28-a0-1365-g7e0445c96d (webtiles) character file.

Game seed: 11287842714511964898

11712 Conn the Arsonist (level 11, -13/64 HPs)
             Began as an Octopode Fire Elementalist on Dec 31, 2021.
             Was a Priest of Sif Muna.
             Killed by an exploding four-headed hydra (43 damage)
             ... ignited by their inner flame
             ... on level 1 of the Lair of Beasts.
             The game lasted 00:41:39 (14790 turns).

Conn the Arsonist (Octopode Fire Elementalist)     Turns: 14790, Time: 00:41:40

Health: -13/64     AC:  1    Str:  7    XL:     11   Next: 82%
Magic:  25/34      EV: 18    Int: 22    God:    Sif Muna [***...]
Gold:   266        SH:  7    Dex: 17    Spells: 3/30 levels left

rFire   . . .      SeeInvis .   L - +1 rapier "Goblinbane" {venom, Will+ rCorr Dex-2}
rCold   . . .      Faith    +   S - +3 warlock's mirror {reflect}
rNeg    + . .      Spirit   .   (helmet restricted)
rPois   .          Reflect  +   x - amulet of faith
rElec   .          Harm     .   g - +6 ring of dexterity
rCorr   +          Rampage  .   i - +4 ring of evasion
Will    +++..                   r - ring of magical power
Stlth   ++++......              j - ring of willpower
HPRegen 0.20/turn               H - ring of resist corrosion
MPRegen 0.24/turn               Q - ring of positive energy
                                (no ring)
                                (no ring)

@: no status effects
A: almost no armour, amphibious, 8 rings, camouflage 1, gelatinous body 1,
(nimble swimmer 1), tentacles, strong-willed 1, mutation resistance 1
a: Renounce Religion, Channel Magic, Forget Spell


You were on level 1 of the Lair of Beasts.
You worshipped Sif Muna.
Sif Muna was most pleased with you.
You visited 3 branches of the dungeon, and saw 12 of its levels.
You also visited: Bailey.

You collected 826 gold pieces.
You spent 560 gold pieces at shops.

Inventory:

Hand Weapons
 b - a +0 dagger
 B - a +1 dagger of draining
 K - a +2 dagger of draining
 L - the +1 rapier "Goblinbane" (weapon) {venom, Will+ rCorr Dex-2}
   (You found it in a bailey)

   It poisons the flesh of those it strikes.
   Dex:       It affects your dexterity (-2).
   rCorr:     It protects you from acid and corrosion.
   Will:      It increases your willpower.
 M - the +8 halberd "Hoed" {vorpal, Will+}
   (You found it on level 10 of the Dungeon)

   It inflicts extra damage upon your enemies.
   Will:      It increases your willpower.
 O - the +9 quarterstaff of Zin's Vengeance {freeze, rF+ rN++ Str+2}
   (You found it on level 10 of the Dungeon)

   It freezes those it strikes, dealing additional cold damage.
   It can also slow down cold-blooded creatures.
   Str:       It affects your strength (+2).
   rF:        It protects you from fire.
   rN:        It greatly protects you from negative energy.
Missiles
 A - a throwing net (quivered)
 D - 10 curare-tipped darts
Armour
 s - an orb of light
 S - the +3 warlock's mirror (worn) {reflect}
   (You bought it in a shop on level 3 of the Dungeon)

   It can block and reflect piercing ranged attacks and magical attacks against
   the wielder's willpower.
Jewellery
 g - a +6 ring of dexterity (left tentacle)
 i - a +4 ring of evasion (right tentacle)
 j - a ring of willpower (on tentacle)
 r - a ring of magical power (on tentacle)
 x - an amulet of faith (around mantle)
 H - a ring of resist corrosion (on tentacle)
 Q - a ring of positive energy (on tentacle)
Wands
 y - a wand of acid (3)
 I - a wand of digging (4)
Scrolls
 a - a scroll of vulnerability {unknown}
 c - 6 scrolls of teleportation
 d - a scroll of holy word
 e - 7 scrolls of noise {unknown}
 f - 12 scrolls of identify {unknown}
 h - a scroll of torment {unknown}
 m - 2 scrolls of fear {unknown}
 p - a scroll of acquirement {unknown}
 q - 3 scrolls of brand weapon {unknown}
 v - a scroll of magic mapping {unknown}
 z - 2 scrolls of enchant weapon {unknown}
 G - a scroll of immolation {unknown}
 J - a scroll of enchant armour {unknown}
 N - a scroll of amnesia {unknown}
 P - a scroll of blinking {unknown}
Potions
 k - 3 potions of haste
 l - 2 potions of mutation
 n - 2 potions of curing {unknown}
 o - 2 potions of attraction {unknown}
 t - a potion of might {unknown}
 u - 2 potions of resistance {unknown}
 w - a potion of brilliance
 C - a potion of cancellation {unknown}
 E - 2 potions of magic {unknown}
 F - a potion of degeneration {unknown}
 R - a potion of lignification {unknown}


   Skills:
 + Level 1.9 Fighting
 + Level 1.2 Short Blades
 + Level 0.7 Throwing
 + Level 4.4 Dodging
 + Level 5.3 Stealth
 + Level 10.3 Spellcasting
 + Level 6.9 Conjurations
 + Level 3.5 Hexes
 + Level 10.6 Fire Magic
 * Level 4.0 Ice Magic
 + Level 1.1 Air Magic
 + Level 1.3 Earth Magic
 + Level 0.4 Poison Magic
 + Level 0.4 Evocations


You had 3 spell levels left.
You knew the following spells:

 Your Spells              Type           Power      Damage    Failure   Level
a - Foxfire               Conj/Fire      100%       2x1d9     1%          1
b - Conjure Flame         Conj/Fire      49%        6-21      1%          3
c - Inner Flame           Hex/Fire       42%        N/A       1%          3
d - Flame Wave            Conj/Fire      49%        2d8       2%          4
e - Scorch                Fire           100%       2d10      1%          2
f - Stone Arrow           Conj/Erth      58%        3d10      5%          3
g - Mephitic Cloud        Conj/Pois/Air  23%        N/A       9%          3
h - Ignite Poison         Fire/Tmut/Pois 27%        N/A       6%          3
i - Freezing Cloud        Conj/Ice/Air   14%        6-21      45%         5

Your spell library contained the following spells:

 Spells                   Type           Power      Damage    Failure   Level
 Magic Dart               Conj           100%       1d8       1%          1
 Sandblast                Erth           34%        2d9       5%          1
 Animate Skeleton         Necr           22%        N/A       10%         1
 Apportation              Tloc           22%        N/A       10%         1
 Summon Small Mammal      Summ           44%        N/A       10%         1
 Passwall                 Tmut/Erth      11%        N/A       11%         2
 Call Imp                 Summ           11%        N/A       16%         2


Dungeon Overview and Level Annotations

Branches:
Dungeon (10/15)            Temple (1/1) D:5            Lair (1/6) D:9
 Bailey (visited)
    Orc: D:9-12

Altars:
Ashenzari
Cheibriados
Dithmenos
Elyvilon
Gozag
Hepliaklqana
Kikubaaqudgha
Makhleb
Nemelex Xobeh
Qazlal
Ru
Sif Muna
Trog
Vehumet
Yredelemnul
Zin
Jiyva

Shops:
D:3 [([   D:8 ?   D:9 *   D:10 *

Annotations:
D:6 2 transporters, Conn's ghost, novice OpFE


Innate Abilities, Weirdness & Mutations

You cannot wear most types of armour.
You are amphibious.
You can wear up to eight rings at the same time.
Your skin changes colour to match your surroundings (Stealth+).
Your rubbery body absorbs attacks. (AC +1, EV +1)
((You are camouflaged when in or above water. (Stealth+)))
You have tentacles for arms and can constrict up to eight enemies at once.
You are strong-willed. (Will+)
You are somewhat resistant to further mutation.


Message History

Found 5 gold pieces.
Casting: Foxfire (safe; 1% risk of failure)
Confirm with . or Enter, or press ? or * to list all spells.
Aiming: Inner Flame (safe; 1% risk of failure)
Press: ? - help, Dir - move target, f - four-headed hydra
Aim: a four-headed hydra (asleep, chance to affect: 65%)
The four-headed hydra is filled with an intense inner flame!
Unknown command.
Casting: Inner Flame (safe; 1% risk of failure)
Confirm with . or Enter, or press ? or * to list all spells.
The fire begins to smoulder!
The fire ignites!
Casting: Conjure Flame (safe; 1% risk of failure)
Confirm with . or Enter, or press ? or * to list all spells.
The fire begins to smoulder!
The fire ignites!
Casting: Conjure Flame (safe; 1% risk of failure)
Confirm with . or Enter, or press ? or * to list all spells.
Flames lash the four-headed hydra.
Flame seeps out of the four-headed hydra.
The four-headed hydra is lightly wounded.
The four-headed hydra's fire resistance burns away.
The four-headed hydra is engulfed in blazing flames.
Flame seeps out of the four-headed hydra.
You hit the four-headed hydra.
Flame seeps out of the four-headed hydra.
The four-headed hydra is poisoned.
Your squeeze misses the four-headed hydra.
The four-headed hydra is heavily wounded.
The four-headed hydra is engulfed in blazing flames.
Flame seeps out of the four-headed hydra.
The four-headed hydra bites you! The four-headed hydra bites you.
The four-headed hydra completely misses you.
The four-headed hydra bites you!
The four-headed hydra is engulfed in blazing flames.
Sif Muna accepts your kill.
The four-headed hydra explodes!
The fiery explosion engulfs you!!!
Ouch! That really hurt!
You die...

..# ...# #...#
#...### #....#
#...## #...##
#§§@.##
###§§..##
###.§##...##
#....###...##
#......###...##
#......###
##...###
#.....###
##...P# .$.##.
#....### .# ##
##.....###


There were no monsters in sight!

Vanquished Creatures
  A hydra (Lair:1)
  The ghost of niknal the Protected, a novice DDFi of Makhleb (D:8)
  5 two-headed ogres
  An orc knight (Bailey)
  A deep elf pyromancer (Bailey)
  Joseph (D:7)
  A komodo dragon (D:9)
  Maggie (D:10)
  A hornet (D:7)
  A slime creature (D:8)
  Sigmund (D:2)
  5 yaks (Lair:1)
  3 acid dragons
  Duvessa (D:6)
  3 water moccasins
  9 orc warriors
  An ice beast (D:6)
  A black bear (D:9)
  A hornet zombie (D:5)
  3 ogres
  5 centaurs
  4 kobold brigands
  A wyvern zombie (D:7)
  4 bullfrogs
  2 gnoll sergeants
  2 scorpions (D:9)
  Dowan (D:6)
  A water moccasin skeleton (D:5)
  4 killer bees (D:9)
  8 wights (D:10)
  A vampire bat (D:5)
  3 howler monkeys (D:9)
  A bullfrog zombie (D:5)
  A bullfrog skeleton (D:5)
  A hound (D:4)
  2 centaur zombies (D:8)
  6 jellies
  4 orc priests
  A gnoll shaman (D:6)
  3 iguanas
  8 orc wizards
  2 killer bee zombies
  A hound skeleton (D:5)
  16 gnolls
  7 adders
  2 shadow imps (D:6)
  An adder skeleton (D:4)
  A worm (D:2)
  3 dart slugs
  3 fire bats (D:5)
  44 orcs
  2 spectral bats (D:5)
  8 ball pythons
  3 bat skeletons (D:5)
  A bat zombie (D:5)
  6 endoplasms
  5 giant cockroaches
  6 goblins
  3 hobgoblins
  8 jackals
  22 kobolds
  4 quokkas
  14 bats
  A bat simulacrum (D:5)
  3 frilled lizards
  4 rats
275 creatures vanquished.

Vanquished Creatures (collateral kills)
  4 foxfires
4 creatures vanquished.

Vanquished Creatures (others)
  954 foxfires
  34 fungi (D:9)
  51 plants (D:9)
1039 creatures vanquished.

Grand Total: 1318 creatures vanquished

Notes
Turn   | Place    | Note
-------+----------+-------------------------------------------
     0 | D:1      | Conn the Octopode Fire Elementalist began the quest for the
                  | Orb.
     0 | D:1      | Reached XP level 1. HP: 11/11 MP: 3/3
   148 | D:2      | Reached XP level 2. HP: 14/17 MP: 0/5
   367 | D:2      | Noticed Sigmund
   515 | D:1      | Reached XP level 3. HP: 21/21 MP: 2/6
   519 | D:1      | Learned a level 3 spell: Conjure Flame
  1494 | D:2      | Learned a level 3 spell: Inner Flame
  1638 | D:2      | Killed Sigmund
  1639 | D:2      | Reached XP level 4. HP: 26/27 MP: 0/8
  1639 | D:2      | Reached XP level 5. HP: 31/32 MP: 0/9
  1928 | D:2      | Reached XP level 6. HP: 34/37 MP: 9/11
  1973 | D:2      | Learned a level 4 spell: Flame Wave
  2742 | D:3      | Found Zuysaorr's Weapon Shop.
  2756 | D:3      | Found Plog's Armour Boutique.
  3433 | D:3      | Found Etodem's Armour Emporium.
  3486 | D:3      | Gained mutation: You are strong-willed. (Will+) [potion of
                  | mutation]
  3486 | D:3      | Gained mutation: You are somewhat resistant to further
                  | mutation. [potion of mutation]
  3719 | D:3      | Found a faded altar of an unknown god.
  3893 | D:3      | Learned a level 2 spell: Scorch
  3923 | D:4      | Reached XP level 7. HP: 42/42 MP: 13/13
  4682 | D:5      | Entered Level 5 of the Dungeon
  4689 | D:5      | Reached skill level 5 in Fire Magic
  4692 | D:5      | Found a staircase to the Ecumenical Temple.
  4943 | D:5      | Reached skill level 1 in Short Blades
  4943 | D:5      | Reached skill level 5 in Spellcasting
  4943 | D:5      | Reached XP level 8. HP: 28/47 MP: 15/15
  5667 | D:5      | Reached skill level 5 in Stealth
  5727 | D:5      | Learned a level 3 spell: Stone Arrow
  6489 | D:6      | Reached skill level 1 in Earth Magic
  6597 | D:6      | Noticed a brown ugly thing
  6604 | D:6      | Found a transporter.
  6679 | D:6      | Noticed Conn's ghost (novice OpFE)
  6689 | D:6      | Found a transporter.
  7028 | D:6      | Reached XP level 9. HP: 52/52 MP: 17/18
  7161 | D:6      | Noticed Dowan
  7163 | D:6      | Noticed Duvessa
  7172 | D:6      | Killed Dowan
  7173 | D:6      | Reached skill level 5 in Conjurations
  7173 | D:6      | Killed Duvessa
  7174 | D:6      | Reached skill level 1 in Hexes
  7313 | D:6      | Learned a level 3 spell: Mephitic Cloud
  7379 | D:7      | Noticed Joseph
  7386 | D:7      | HP: 1/52 [Joseph/sling bullet (19)]
  7388 | D:7      | Killed Joseph
  7395 | D:7      | Noticed a hornet
  7957 | D:7      | Killed a hornet
  8907 | D:7      | Found a sacrificial altar of Ru.
  8910 | D:7      | Found a sparkling altar of Nemelex Xobeh.
  8915 | D:7      | Found a glowing silver altar of Zin.
  8998 | Temple   | Entered the Ecumenical Temple
  9046 | Temple   | Became a worshipper of Sif Muna the Loreminder
  9321 | D:8      | Noticed a two-headed ogre
  9332 | D:8      | Killed a two-headed ogre
  9333 | D:8      | Reached XP level 10. HP: 57/57 MP: 9/22
  9579 | D:8      | Found Losat's Magic Scroll Shop.
 10010 | D:8      | Reached skill level 1 in Fighting
 10141 | D:8      | Found a runed translucent gate.
 10143 | D:8      | Found a runed translucent gate.
 10145 | D:8      | Found a runed translucent gate.
 10146 | D:8      | Noticed niknal's ghost (novice DDFi)
 10150 | D:8      | Found a viscous altar of Jiyva.
 10158 | D:8      | Learned a level 3 spell: Ignite Poison
 10424 | D:9      | Reached * piety under Sif Muna
 10439 | D:9      | Noticed a two-headed ogre
 10475 | D:10     | Entered Level 10 of the Dungeon
 10508 | D:10     | Noticed Maggie
 10520 | D:10     | Killed Maggie
 10523 | D:10     | Noticed a two-headed ogre
 10549 | D:10     | HP: 2/59 [two-headed ogre (12)]
 10559 | D:10     | Noticed a two-headed ogre
 10881 | D:10     | Killed a two-headed ogre
 10881 | D:10     | Reached ** piety under Sif Muna
 10936 | D:10     | Found Woxig's Assorted Antiques.
 10953 | D:10     | Found a flagged portal.
 10962 | Bailey   | Entered a bailey
 11143 | Bailey   | Learned a level 5 spell: Freezing Cloud
 11254 | Bailey   | Noticed an orc knight
 11288 | Bailey   | Killed an orc knight
 11289 | Bailey   | Reached skill level 1 in Ice Magic
 11513 | Bailey   | Found a large runed translucent door.
 11513 | Bailey   | Found a large runed translucent door.
 11514 | Bailey   | Noticed a deep elf pyromancer
 11564 | Bailey   | Killed a deep elf pyromancer
 11565 | Bailey   | Reached XP level 11. HP: 35/63 MP: 23/24
 11582 | Bailey   | Identified the +1 rapier "Goblinbane" {venom, Will+ rCorr
                  | Dex-2}
 11591 | Bailey   | Identified the +1 chain mail of Tender Moments {rElec Will+
                  | Dex+2}
 11765 | D:10     | Identified the +8 halberd "Hoed" {vorpal, Will+}
 12048 | D:10     | Noticed a two-headed ogre
 12054 | D:10     | Killed a two-headed ogre
 12055 | D:10     | Reached skill level 1 in Air Magic
 12111 | D:10     | Identified the +9 quarterstaff of Zin's Vengeance {freeze,
                  | rF+ rN++ Str+2}
 12333 | D:10     | Killed a two-headed ogre
 12505 | D:9      | Found a staircase to the Lair.
 12527 | D:9      | Reached skill level 10 in Fire Magic
 12654 | D:9      | Reached *** piety under Sif Muna
 12947 | D:9      | Killed a two-headed ogre
 12948 | D:9      | Reached skill level 10 in Spellcasting
 13197 | D:9      | Found Ybipseshegg's General Store.
 13812 | D:8      | Found a radiant altar of Vehumet.
 13940 | D:8      | Killed niknal's ghost
 14282 | Lair:1   | Entered Level 1 of the Lair of Beasts
 14421 | D:3      | Bought the +3 warlock's mirror {reflect} for 560 gold
                  | pieces
 14421 | D:3      | Found the +3 warlock's mirror {reflect}
 14780 | Lair:1   | Noticed a four-headed hydra
 14790 | Lair:1   | Killed a four-headed hydra
 14790 | Lair:1   | Killed by an exploding four-headed hydra... ignited by
                  | their inner flame

Illustrated notes

Levels and vault maps discovered:
D:1:      pf_arrival_petrified_forest, layout_loops_ring
D:2:      layout_basic, serial_corexii_hall, chequers_hall_statues_wall_a,
          corexii_hall_statues_deadend, chequers_hall_statues_y,
          corexii_hall_statues_x, chequers_hall_statues_corner_a,
          corexii_hall_statues_s, uniq_sigmund
D:3:      layout_basic, ebering_ecumenical_altar_mist, serial_shops,
          nicolae_lakefront_shop, nicolae_diamond_shop,
          nicolae_shop_hallway_stairs
D:4:      layout_cave_pools
D:5:      layout_rooms, minmay_temple_entry_sparse_star, goddamned_bats
D:6:      layout_gridville, gammafunk_ghost_abyssal_escape, uniq_duvessa
D:7:      layout_gridville, grunt_temple_overflow_diamond, uniq_joseph
D:8:      layout_loops_ring, kennysheep_little_box, gammafunk_ghost_ooze,
          serial_shops, nicolae_shop_hallway_plus
D:9:      layout_rooms, due_lair_maze_entry_diamond, serial_shops, shop,
          minmay_misc_feat_columns
D:10:     layout_gridville, enter_bailey_2, serial_shops, nicolae_square_shop,
          uniq_maggie
Temple:   mainiacjoe_temple_coin_purse
Lair:1:   hellmonk_ruined_rings, layout_hall_layers, infiniplex_staircase_pool

Skill      XL: |  1  2  3  4  5  6  7  8  9 10 11 |
---------------+----------------------------------+-----
Stealth        | 4 5 |  5.3
Spellcasting   | 3 4 5 6 8 9 10 | 10.3
Conjurations   | 2 4 5 6 |  6.9
Fire Magic     | 4 5 6 8 9 10 | 10.6
Short Blades   | 1 |  1.2
Dodging        | 3 4 |  4.4
Earth Magic    | 1 |  1.3
Hexes          | 1 3 |  3.5
Fighting       | 1 |  1.9
Ice Magic      | 2 4 |  4.0
Air Magic      | 1 |  1.1
Throwing       | |  0.7
Poison Magic   | |  0.4
Evocations     | |  0.4

Action                   |  1- 3 |  4- 6 |  7- 9 | 10-12 || total
-------------------------+-------+-------+-------+-------++-------
Melee: Unarmed           |     5 |       |       |       ||     5
       Constrict         |     8 |     6 |     4 |     8 ||    26
       Tentacles         |     4 |     3 |     1 |    10 ||    18
       Dagger            |    22 |    19 |    15 |    23 ||    79
       Rapier            |       |       |       |    15 ||    15
Throw: Throwing net      |       |       |     1 |     1 ||     2
 Cast: Foxfire           |    52 |   102 |   179 |   240 ||   573
       Scorch            |       |       |    55 |    39 ||    94
       Inner Flame       |       |       |    13 |    35 ||    48
       Stone Arrow       |       |       |     6 |     3 ||     9
       Conjure Flame     |       |       |     1 |     3 ||     4
       Mephitic Cloud    |       |       |       |     7 ||     7
       Flame Wave        |       |       |       |     3 ||     3
Evoke: Wand              |       |       |     3 |     1 ||     4
  Use: Potion            |       |     2 |     1 |       ||     3
       Scroll            |       |       |     2 |     1 ||     3
 Stab: Sleeping          |     7 |     2 |       |       ||     9
       Confused          |       |       |       |     1 ||     1
Armor: Skin              |       |     1 |    22 |     2 ||    25
Dodge: Dodged            |    18 |    19 |   163 |    80 ||   280

Table legend: (Time is in decaauts)
 A = Elapsed time spent in this place.
 B = Non-inter-level travel time spent in this place.
 C = Inter-level travel time spent in this place.
 D = Time resting spent in this place.
 E = Time spent auto-exploring this place.
 F = Levels seen in this place.
 G = Mean time per level.
                   A        B        C        D        E       F      G
               +--------+--------+--------+--------+--------+-----+--------+
         Total |  14780 |  14154 |    626 |   1209 |   9621 |  13 | 1136.9 |
       Dungeon |  13685 |  13073 |    612 |    847 |   9297 |  10 | 1368.5 |
        Temple |     57 |     48 |      9 |      0 |     33 |   1 |   57.0 |
          Lair |    236 |    232 |      4 |      0 |    159 |   1 |  236.0 |
        Bailey |    800 |    800 |      0 |    362 |    132 |   1 |  800.0 |
               +--------+--------+--------+--------+--------+-----+--------+

Top non-repeatable levels by time:
     D:8: 1966 daAuts
     D:6: 1700 daAuts
     D:5: 1529 daAuts
     D:2: 1517 daAuts
     D:7: 1469 daAuts
    D:10: 1324 daAuts
     D:1: 1223 daAuts
     D:3: 1193 daAuts
     D:9: 964 daAuts
  Bailey: 800 daAuts
     D:4: 796 daAuts
  Lair:1: 236 daAuts
  Temple: 57 daAuts
